Map: Central Protocol

Players

Acekiller - Winner!

  • Race: Terran Terran
  • League: Gold

Grumm

  • Race: Protoss Protoss
  • League: Gold

VOD

Have the link to the VOD?

Description

Time

  • Played on: Jan. 19, 2016, 8:45 p.m.
  • Length: 8:40
Show
View Real Time Build Order
Export as new Build Order

Acekiller Terran - Winner!

Build Orders: Liberator Opening, MMM Bio 

Get SALT Encoding   

  12  0:01  SCV  
  13  0:13  SCV  
  14  0:17  Supply Depot  
  14  0:25  SCV  
  15  0:39  SCV  
  15  0:41  Barracks  
  16  0:45  Refinery  
  16  0:51  SCV  
  17  1:03  SCV  
  18  1:15  SCV  
  19  1:27  SCV  
  19  1:31  Command Center  
  20  1:34  Reaper  
  21  1:44  Orbital Command  
  21  2:02  Supply Depot  
  21  2:11  SCV  
  21  2:12  Factory  
  21  2:15  Refinery  
  22  2:29  Barracks Reactor  
  22  2:31  SCV  
  23  2:40  Supply Depot  
  23  2:43  Orbital Command  
  23  2:47  SCV  
  24  3:00  SCV  
  24  3:02  Starport  
  24  3:03  Barracks  
  25  3:12  SCV  
  26  3:13  SCV  
  27  3:22  Marine x2  
  27  3:24  SCV  
  27  3:25  Liberator  
  30  3:30  Widow Mine  
  32  3:39  Engineering Bay  
  31  3:46  SCV, Barracks  
  31  3:47  SCV  
  36  3:54  Bunker  
  36  3:59  SCV x2  
  36  4:00  Barracks Tech Lab  
  36  4:01  Marine x2  
  40  4:06  Engineering Bay  
  40  4:13  Terran Infantry Weapons Level 1  
  40  4:15  Factory Tech Lab  
  40  4:18  SCV  
  40  4:19  Marine x2, SCV  
  40  4:21  Refinery  
  44  4:25  Supply Depot  
  44  4:31  SCV  
  44  4:32  SCV  
  44  4:35  Refinery  
  44  4:37  Barracks Tech Lab  
  46  4:39  Supply Depot  
  46  4:41  Stimpack  
  46  4:44  SCV  
  47  4:49  SCV  
  47  4:50  Starport Reactor  
  47  4:51  Siege Tank  
  51  4:56  SCV  
  52  5:01  SCV, Barracks  
  53  5:07  Supply Depot  
  53  5:08  SCV  
  53  5:13  SCV  
  55  5:17  Liberator  
  55  5:19  Combat Shields  
  55  5:20  SCV  
  56  5:23  Siege Tank  
  56  5:25  SCV  
  60  5:32  SCV  
  64  5:38  Supply Depot, SCV  
  62  5:44  Marine  
  62  5:45  Marine  
  64  5:56  Barracks  
  64  5:57  Marine x2  
  64  5:58  Barracks Reactor  
  64  6:00  Liberator  
  64  6:02  Marine x2  
  68  6:06  Medivac  
  70  6:15  Marauder  
  70  6:16  Marauder, Supply Depot  
  77  6:18  Terran Infantry Armor Level 1  
  77  6:20  Marine  
  77  6:21  Command Center  
  78  6:29  Marine, Armory  
  79  6:37  Marauder, Marine  
  79  6:38  Marine  
  79  6:39  Concussive Shells  
  83  6:42  Medivac  
  85  6:48  Supply Depot  
  85  6:55  Marauder  
  85  7:00  Marine  
  85  7:01  Marine x4  
  92  7:02  Medivac  
  94  7:12  Medivac, Supply Depot  
  94  7:13  Barracks Reactor  
  96  7:16  Ghost Academy, Marine  
  96  7:18  Supply Depot, Marine x4  
  101  7:30  Marine  
  101  7:34  Marine  
  101  7:36  Marine x3  
  106  7:49  Medivac  
  106  7:50  Medivac  
  110  7:55  Supply Depot x2  
  110  8:03  Refinery  
Show
View Real Time Build Order
Export as new Build Order

Grumm Protoss 

Build Orders:  

Get SALT Encoding   

  12  0:01  Probe (Chrono Boost)  
  13  0:11  Probe (Chrono Boost)  
  14  0:22  Probe (Chrono Boost)  
  14  0:24  Pylon  
  15  0:34  Assimilator  
  15  0:44  Gateway  
  15  0:46  Probe (Chrono Boost)  
  16  0:55  Forge  
  16  0:58  Probe (Chrono Boost)  
  17  1:15  Probe (Chrono Boost)  
  18  1:26  Assimilator, Probe (Chrono Boost)  
  19  1:33  Pylon  
  19  1:35  Cybernetics Core  
  19  1:39  Probe (Chrono Boost)  
  20  1:49  Pylon  
  21  1:54  Probe (Chrono Boost)  
  21  2:13  Mothership Core (Chrono Boost)  
  22  2:28  Warp Gate (Chrono Boost)  
  22  2:29  Nexus  
  22  2:31  Probe (Chrono Boost)  
  23  2:44  Gateway  
  23  2:46  Gateway  
  23  2:54  Pylon  
  23  3:03  Photon Cannon  
  23  3:07  Probe  
  24  3:14  Stalker  
  25  3:40  Probe x2  
  27  3:51  Robotics Facility  
  27  3:53  Pylon  
  27  3:58  Stargate  
  27  4:06  Probe  
  28  4:14  Photon Cannon  
  28  4:17  Photon Cannon  
  28  4:20  Probe  
  28  4:21  Probe  
  30  4:33  Probe  
  31  4:40  Immortal  
  31  4:43  Probe  
  36  4:45  Probe  
  36  4:49  Zealot  
  36  5:07  Stalker x2  
  36  5:13  Probe  
  40  5:14  Probe  
  40  5:20  Pylon  
  42  5:41  Probe  
  42  5:42  Probe  
  44  5:45  Photon Cannon  
  44  5:47  Photon Cannon  
  44  5:50  Assimilator  
  44  5:51  Probe  
  44  5:52  Sentry  
  44  5:54  Assimilator, Probe, Zealot  
  50  6:02  Probe  
  51  6:06  Probe  
  52  6:12  Probe  
  52  6:13  Photon Cannon  
  52  6:17  Warp Prism (Chrono Boost)  
  52  6:18  Probe  
  56  6:23  Probe  
  56  6:24  Pylon  
  57  6:30  Probe  
  58  6:33  Probe  
  58  6:34  Stalker  
  58  6:35  Stalker  
  58  6:37  Zealot  
  65  6:42  Probe  
  65  7:04  Immortal (Chrono Boost)  
  69  7:19  Gateway  
  69  7:22  Gateway  
  69  7:23  Pylon  
  70  7:30  Probe  
  70  7:39  Stalker, Zealot x2  
  70  7:43  Nexus  
  76  7:46  Pylon  
  58  8:18  Stalker  
  58  8:19  Stalker x2  
Tags
 
Add a new tag
Caveats
  • Supply blocks, unpowered buildings, or Contaminate may cause inaccurate times.
  • Supply counts are checked every 10 seconds.